 Dungeon Crawl Stone Soup version 0.21-a0-273-g0785366 (webtiles) character file.

179 rin1221 the Digger (level 5, -1/28 HPs)
             Began as a Gargoyle Earth Elementalist on Sept 17, 2017.
             Slain by Crazy Yiuf
             ... wielding a +3 quarterstaff of chaos
              (3 damage)
             ... on level 2 of the Dungeon.
             The game lasted 00:06:06 (2878 turns).

rin1221 the Digger (Gargoyle Earth Elementalist)    Turns: 2878, Time: 00:06:06

Health: -1/28      AC:  6    Str: 11    XL:     5   Next: 59%
Magic:  7/10       EV: 12    Int: 17    God:
Gold:   108        SH:  0    Dex: 10    Spells: 2/11 levels left

rFire    . . .     SeeInvis .   v - +0 flail
rCold    . . .     Gourm    .   (no shield)
rNeg     + . .     Faith    .   c - +0 robe
rPois    ∞         Spirit   .   (no helmet)
rElec    +         Reflect  .   (no cloak)
rCorr    .         Harm     .   (no gloves)
MR       .....                  (no boots)
Stlth    ++........             (no amulet)
HPRegen  0.09/turn              (no ring)
MPRegen  0.12/turn              (no ring)

@: no status effects
A: negative energy resistance 1, electricity resistance, unbreathing,
petrification resistance, rot immunity, AC +4
a: no special abilities


You were on level 2 of the Dungeon.
You were not hungry.

You visited 1 branch of the dungeon, and saw 2 of its levels.

You collected 108 gold pieces.

Inventory:

Hand Weapons
 v - a +0 flail (weapon)
Missiles
 b - 65 stones (quivered)
 s - 5 tomahawks of returning
Armour
 c - a +0 robe (worn)
 t - a +0 shield
Jewellery
 g - an uncursed ring of wizardry {unknown}
Wands
 w - a wand of polymorph (14/24)
Scrolls
 a - 2 scrolls of teleportation {unknown}
 h - a scroll of recharging {unknown}
 j - a scroll of immolation {unknown}
 l - 2 scrolls of remove curse {unknown}
 m - a scroll of enchant weapon {unknown}
 n - 3 scrolls of identify {unknown}
 r - 2 scrolls of fear {unknown}
Potions
 f - a potion of heal wounds {unknown}
 i - a potion of curing
 k - a potion of degeneration {unknown}
 o - a potion of mutation {unknown}
 q - a potion of haste {unknown}
Books
 e - a book of Geomancy

   Spells                             Type                      Level
   a - Sandblast                      Earth                        1
   b - Passwall                       Transmutation/Earth          2
   c - Stone Arrow                    Conjuration/Earth            3
   d - Petrify                        Transmutation/Earth          4
   e - Lee's Rapid Deconstruction     Earth                        5
Comestibles
 d - a bread ration
 p - a meat ration


   Skills:
 - Level 1.5 Dodging
 - Level 2.1 Stealth
 + Level 3.5 Spellcasting
 + Level 2.5 Conjurations
   Level 0.7 Transmutations
 + Level 5.2 Earth Magic


You had 2 spell levels left.
You knew the following spells:

 Your Spells              Type           Power        Failure   Level  Hunger
a - Sandblast             Erth           ###...       1%          1    None
b - Stone Arrow           Conj/Erth      ###...       10%         3    ###....
c - Lee's Rapid Deconstr  Erth           ###.......   47%         5    ######.


Dungeon Overview and Level Annotations

Branches:
Dungeon (2/15)

Altars:
Dithmenos
Kikubaaqudgha
Nemelex Xobeh
Ru
The Shining One

Annotations:
D:2 Crazy Yiuf


Innate Abilities, Weirdness & Mutations

You are resistant to torment.
Your stone body is resilient. (AC +4)
You are immune to poison.
You resist negative energy. (rN+)
You are resistant to electric shocks. (rElec)
You can survive without breathing.
You are immune to petrification.
You are immune to rotting.


Message History

Crazy Yiuf hits you with a quarterstaff of chaos.
Crazy Yiuf burns you.
Casting: Sandblast
Confirm with . or Enter, or press ? or * to list all spells.
Aiming: Sandblast
Press: ? - help, Shift-Dir - straight line, f/p - Crazy Yiuf
Aim: Crazy Yiuf, wielding a quarterstaff of chaos and wearing a runed cloak (heavily wounded)
The blast of sand hits Crazy Yiuf.
Crazy Yiuf is heavily wounded.
b - 65 stones Crazy Yiuf hits you with a quarterstaff of chaos!
* * * LOW HITPOINT WARNING * * *
Crazy Yiuf burns you.
* * * LOW HITPOINT WARNING * * *
Unknown command.
It was a potion of curing.
You feel better.
Crazy Yiuf hits you with a quarterstaff of chaos!
* * * LOW HITPOINT WARNING * * *
Crazy Yiuf freezes you.
You die...

############
#..........#
########
#.##.#.###.#
##......#
#....#.#
#g###.......#
####.####.#
#@.......#>.#
#.....###.#
#####..#.#..#
####.........#
#..#.#..#
#.....g..#####
#.......#
.........#
########.##.#.##
...####..#
#.....##......#
...# #.##
#.....#####.###
P.P♣ #.#
##.....# #.#
♣.♣♣ #.#
#......# #.###


You could see Crazy Yiuf.

Vanquished Creatures
  A hound (D:2)
  Jessica (D:2)
  2 adders (D:2)
  3 gnolls (D:2)
  An ooze (D:1)
  2 worms (D:2)
  2 dart slugs
  A leopard gecko (D:2)
  5 bats
  2 giant cockroaches (D:2)
  8 hobgoblins
  8 jackals
  A quokka (D:2)
  A ball python (D:1)
  4 frilled lizards
  7 goblins
  5 kobolds
  5 rats
  2 fungi (D:2)
61 creatures vanquished.

Notes
Turn   | Place    | Note
-------+----------+-------------------------------------------
     0 | D:1      | rin1221 the Gargoyle Earth Elementalist began the quest for the Orb.
     0 | D:1      | Reached XP level 1. HP: 10/10 MP: 3/3
   157 | D:1      | Reached XP level 2. HP: 14/15 MP: 5/5
   288 | D:1      | Reached skill level 4 in Earth Magic
   700 | D:1      | Reached XP level 3. HP: 9/19 MP: 6/6
   705 | D:1      | Learned a level 3 spell: Stone Arrow
  2039 | D:2      | Reached skill level 1 in Conjurations
  2039 | D:2      | Reached XP level 4. HP: 20/24 MP: 6/8
  2251 | D:2      | Reached skill level 5 in Earth Magic
  2251 | D:2      | Reached XP level 5. HP: 14/28 MP: 3/9
  2338 | D:2      | Found a glowing golden altar of the Shining One.
  2339 | D:2      | Found a sparkling altar of Nemelex Xobeh.
  2339 | D:2      | Found a sacrificial altar of Ru.
  2485 | D:2      | Noticed Jessica
  2489 | D:2      | Killed Jessica
  2629 | D:2      | Learned a level 5 spell: Lee's Rapid Deconstruction
  2675 | D:2      | Found an ancient bone altar of Kikubaaqudgha.
  2675 | D:2      | Found a shadowy altar of Dithmenos.
  2819 | D:2      | Found a runed door.
  2823 | D:2      | Noticed Crazy Yiuf
  2878 | D:2      | Slain by Crazy Yiuf

Vault maps used:
D:1:      minmay_arrival_stair_chambers
D:2:      grunt_temple_overflow_open, gammafunk_temple_overflow_wave,
          uniq_jessica, uniq_crazy_yiuf_cottage

Skill      XL: |  1  2  3  4 |
---------------+-------------+-----
Earth Magic    | 4 5 |  5.2
Conjurations   | 1 2 |  2.5
Spellcasting   | 3 |  3.5
Dodging        | |  1.5
Stealth        | |  2.1
Transmutations | |  0.7

Action                   |  1- 3 |  4- 6 || total
-------------------------+-------+-------++-------
Melee: Club              |   148 |    33 ||   181
       Unarmed           |     4 |     1 ||     5
       Flail             |       |    63 ||    63
 Cast: Sandblast         |     8 |    20 ||    28
  Use: Potion            |       |     1 ||     1
 Stab: Sleeping          |     4 |     1 ||     5
  Eat: Chunk             |     4 |     3 ||     7
Armor: Robe              |    60 |    44 ||   104
Dodge: Dodged            |   126 |    59 ||   185

Table legend:
 A = Spawn XP
 B = Non-spawn XP
 C = Spawn XP percentage of total XP
 D = Spawn monster count
 E = Non-spawn monster count
 F = Spawn count percentage of total count
 G = Total turns spent on level
                    A         B        C        D         E        F      G
               +---------+---------+-------+---------+---------+-------+---------
         Total |       0 |     257 |   0.0 |       0 |      59 |   0.0 |  2878
               +---------+---------+-------+---------+---------+-------+---------
           D:1 |       0 |      54 |   0.0 |       0 |      28 |   0.0 |  1705
           D:2 |       0 |     203 |   0.0 |       0 |      31 |   0.0 |  1173
               +---------+---------+-------+---------+---------+-------+---------
